 Dungeon Crawl Stone Soup version 0.22.0-13-g43fe8f24b8 (webtiles) character file.

767 Htamos the Slasher (level 7, -1/57 HPs)
             Began as a Merfolk Gladiator on Aug 16, 2018.
             Was a Believer of Cheibriados.
             Slain by an orc wizard
             ... wielding a +0 dagger
              (2 damage)
             ... on level 6 of the Dungeon.
             The game lasted 00:07:27 (5095 turns).

Htamos the Slasher (Merfolk Gladiator)              Turns: 5095, Time: 00:07:27

Health: -1/57      AC:  5    Str: 19    XL:     7   Next: 82%
Magic:  7/7        EV: 23    Int: 17    God:    Cheibriados [**....]
Gold:   374        SH:  0    Dex: 30    Spells: 6/6 levels left

rFire    . . .     SeeInvis .   a - +0 long sword
rCold    . . .     Gourm    .   (no shield)
rNeg     + . .     Faith    .   E - +1 robe {rN+}
rPois    .         Spirit   .   c - +0 helmet
rElec    .         Reflect  .   (no cloak)
rCorr    .         Harm     .   g - +0 pair of gloves
MR       .....                  (no boots)
Stlth    ++........             (no amulet)
HPRegen  0.19/turn              (no ring)
MPRegen  0.10/turn              (no ring)

@: confused, brilliant, agile, slowed, very slow
A: change form in water, swift swim, stealthy swim, agile 1
a: Bend Time, Renounce Religion


You were on level 6 of the Dungeon.
You worshipped Cheibriados.
Cheibriados was pleased with you.
You were not hungry.

You visited 1 branch of the dungeon, and saw 6 of its levels.

You collected 374 gold pieces.

Inventory:

Hand Weapons
 a - a +0 long sword (weapon)
Missiles
 d - a throwing net
 n - 67 stones (quivered)
 y - 36 sling bullets
Armour
 b - a +0 leather armour
 c - a +0 helmet (worn)
 g - a +0 pair of gloves (worn)
 A - the +3 ring mail of the Sturgeon {Int+5}
   (You found it on level 4 of the Dungeon)

   It affects your intelligence (+5).
 E - a +1 robe of positive energy (worn)
Jewellery
 m - a +3 amulet of reflection {unknown}
 o - an uncursed ring of positive energy {unknown}
 t - a +3 ring of protection {unknown}
Scrolls
 e - 7 scrolls of identify {unknown}
 h - 3 scrolls of teleportation {unknown}
 k - 5 scrolls of remove curse {unknown}
 l - 2 scrolls of enchant armour {unknown}
 r - a scroll of magic mapping {unknown}
 s - 3 scrolls of immolation {unknown}
 u - a scroll of fog {unknown}
 B - a scroll of blinking {unknown}
Potions
 i - a potion of curing {unknown}
 j - 2 potions of cancellation {unknown}
 p - 2 potions of heal wounds {unknown}
 q - a potion of haste {unknown}
 v - a potion of agility
 w - a potion of degeneration {unknown}
 x - a potion of resistance {unknown}
 z - a potion of brilliance
 D - a potion of mutation
Comestibles
 f - 12 rations


   Skills:
 * Level 5.7 Fighting
 * Level 6.2 Long Blades
 + Level 3.9 Throwing
 + Level 6.0 Dodging


You had 6 spell levels left.
You didn't know any spells.
Your spell library was empty.

Dungeon Overview and Level Annotations

Branches:
Dungeon (6/15)
 Temple: D:4-7

Altars:
Cheibriados
Qazlal
Trog


Innate Abilities, Weirdness & Mutations

You revert to your normal form in water.
You are very nimble and swift while swimming.
You are very stealthy in the water. (Stealth+)
You are agile. (Dex +2)


Message History

The orc completely misses you. The orc wizard closely misses you.
You riposte.
You barely miss the orc wizard.
The orc wizard points at you and mumbles some strange words.
You resist with some effort.
It was a potion of mutation.
You feel extremely strange.
You feel agile.
You feel a little pissed off.
You feel a little more calm. The orc barely misses you.
The orc wizard completely misses you. x2
The orc wizard points at you and mumbles some strange words.
You are confused.
The orc completely misses you.
The orc wizard hits you but does no damage.
The orc wizard closely misses you. x2; The orc hits you with a hand axe.
* * * LOW HITPOINT WARNING * * *
The orc wizard hits you with a dagger.
* * * LOW HITPOINT WARNING * * *
The orc wizard closely misses you. The orc wizard misses you.
Unknown command.
The orc misses you. The orc wizard misses you.
The orc wizard hits you with a dagger.
You die...

#......... o......
#........ .....##
#....... ......#
#....# #######.....+
#....####....##.....#
..............#....#
..............+..).##
............(.#oo...#
#....#####'####o@...#
###### #....##(o../#
#..........## #
+.....((...#
#...........#
####+##.....# #.....#
....>## .....#


You could see 3 orc wizards and an orc.

Vanquished Creatures
  Sigmund (D:5)
  An ogre (D:5)
  A centaur (D:6)
  2 bullfrog zombies
  A hound (D:4)
  A bullfrog skeleton (D:5)
  2 orc wizards
  2 worker ants
  4 gnolls (D:1)
  5 adders
  A shadow imp (D:6)
  2 oozes
  3 worms
  2 dart slugs (D:1)
  4 leopard geckos
  21 orcs
  5 giant cockroaches
  6 goblins
  7 hobgoblins
  4 jackals (D:6)
  3 quokkas (D:3)
  4 bats
  7 frilled lizards
  7 kobolds
  6 rats
102 creatures vanquished.

Notes
Turn   | Place    | Note
-------+----------+-------------------------------------------
     0 | D:1      | Htamos the Merfolk Gladiator began the quest for the Orb.
     0 | D:1      | Reached XP level 1. HP: 16/16 MP: 1/1
   402 | D:1      | Reached XP level 2. HP: 23/23 MP: 2/2
  1039 | D:1      | Reached XP level 3. HP: 10/28 MP: 3/3
  1295 | D:1      | Reached XP level 4. HP: 23/35 MP: 4/4
  1997 | D:2      | Reached XP level 5. HP: 29/41 MP: 5/5
  2208 | D:2      | Found a snail-covered altar of Cheibriados.
  2230 | D:2      | Became a worshipper of Cheibriados the Contemplative
  2950 | D:3      | Reached * piety under Cheibriados
  3359 | D:3      | Found a bloodstained altar of Trog.
  3394 | D:3      | Reached skill level 5 in Dodging
  3672 | D:4      | Reached XP level 6. HP: 36/48 MP: 6/6
  3674 | D:4      | Reached skill level 5 in Long Blades
  3773 | D:4      | Got a shimmering ring mail
  3784 | D:4      | Identified the +3 ring mail of the Sturgeon {Int+5} (You found it on level 4 of the Dungeon)
  4119 | D:5      | Entered Level 5 of the Dungeon
  4217 | D:5      | Reached ** piety under Cheibriados
  4325 | D:5      | Noticed Sigmund
  4335 | D:5      | Killed Sigmund
  4335 | D:5      | Reached XP level 7. HP: 54/55 MP: 0/7
  4432 | D:5      | Reached skill level 5 in Fighting
  4773 | D:6      | Found a stormy altar of Qazlal.
  5093 | D:6      | Gained mutation: You are agile. (Dex +2) [potion of mutation]
  5093 | D:6      | Gained mutation: You tend to lose your temper in combat. [potion of mutation]
  5093 | D:6      | Lost mutation: You tend to lose your temper in combat. [potion of mutation]
  5094 | D:6      | HP: 1/57 [orc wizard/dagger (3)]
  5095 | D:6      | Slain by an orc wizard

Skill      XL: |  1  2  3  4  5  6  7 |
---------------+----------------------+-----
Fighting       | 3 4 5 |  5.7
Long Blades    | 4 5 6 |  6.2
Dodging        | 5 6 |  6.0
Throwing       | 3 |  3.9

Action                   |  1- 3 |  4- 6 |  7- 9 || total
-------------------------+-------+-------+-------++-------
Melee: Long sword        |    50 |   225 |    62 ||   337
Throw: Throwing net      |     3 |     3 |       ||     6
       Stone             |       |     4 |       ||     4
Invok: Bend Time         |       |     2 |       ||     2
  Use: Potion            |       |       |     3 ||     3
 Stab: Held in net/web   |     1 |       |       ||     1
       Sleeping          |       |     1 |       ||     1
  Eat: Chunk             |       |     9 |     2 ||    11
Armor: Leather armour    |    11 |    38 |       ||    49
       Ring mail         |       |    13 |       ||    13
       Robe              |       |       |    20 ||    20
Dodge: Dodged            |    35 |   178 |    77 ||   290
       Rpst.: Long sword |     8 |    57 |    21 ||    86
